 Dungeon Crawl Stone Soup version 0.32-a0-540-g866d13106e (webtiles) character file.

Game seed: 9961527974590926514

711 lunkers the Cutter (level 7, -3/46 HPs)
             Began as a Coglin Gladiator on Feb 28, 2024.
             Was a Priest of Hepliaklqana.
             Shot with an arrow by a centaur (7 damage)
             ... on level 5 of the Dungeon.
             The game lasted 00:04:40 (3741 turns).

lunkers the Cutter (Coglin Gladiator)               Turns: 3741, Time: 00:04:40

Health: -3/46      AC: 10    Str: 16    XL:     7   Next: 68%
Magic:  7/7        EV: 12    Int:  6    God:    Hepliaklqana [***...]
Gold:   249        SH:  0    Dex: 15    Spells: 6/6 levels left

rFire   + + +        a - +0 war axe {Dietrich}
rCold   + . .        s - +8 dagger "Concordance" {spect, rF+ rC+}
rNeg    . . .        y - +4 leather armour "Viahiso" {rElec rF++ rCorr Int-2}
rPois   .            c - +0 helmet
rElec   +            q - +0 cloak
rCorr   +            (no gloves)
SInv    .            o - +0 pair of boots
Will    .....        p - amulet of faith
Stlth   +            (ring unavailable)
HPRegen 0.27/turn    (ring unavailable)
MPRegen 0.10/turn

%: faith
@: revving
A: reduced essence, off-hand wielding, slow wielding, warmup strikes, no rings
a: Renounce Religion, Recall Ancestor, Ancestor Identity, Transference


You were on level 5 of the Dungeon.
You worshipped Hepliaklqana.
Hepliaklqana was most pleased with you.
You visited 1 branch of the dungeon, and saw 5 of its levels.

You collected 249 gold pieces.

Inventory:

Hand Weapons
 a - a +0 war axe (weapon) {Dietrich}
 i - a +0 hand axe {Lin}
 s - the +8 dagger "Concordance" (offhand) {spect, rF+ rC+}
   (You found it on level 2 of the Dungeon)

   rF+:       It protects you from fire.
   rC+:       It protects you from cold.
Missiles
 d - 4 throwing nets
 e - a javelin
Armour
 c - a +0 helmet (worn)
 o - a +0 pair of boots (worn)
 q - a +0 cloak (worn)
 y - the +4 leather armour "Viahiso" (worn) {rElec rF++ rCorr Int-2}
   (You found it on level 3 of the Dungeon)

   Int-2:     It affects your intelligence (-2).
   rF++:      It greatly protects you from fire.
   rElec:     It insulates you from electricity.
   rCorr:     It protects you from acid and corrosion.
Jewellery
 b - an amulet of the acrobat
 p - an amulet of faith (around neck)
Wands
 x - a wand of paralysis (7)
Scrolls
 h - a scroll of enchant armour {unknown}
 j - a scroll of revelation {unknown}
 l - 3 scrolls of identify {unknown}
 m - 2 scrolls of blinking {unknown}
 r - a scroll of noise {unknown}
 u - a scroll of enchant weapon {unknown}
 v - a scroll of immolation {unknown}
Potions
 f - a potion of ambrosia {unknown}
 g - a potion of brilliance {unknown}
 k - a potion of mutation {unknown}
 n - 2 potions of curing {unknown}
 t - a potion of magic {unknown}
 w - 2 potions of might {unknown}
 z - a potion of cancellation {unknown}
 A - 2 potions of enlightenment {unknown}
 B - a potion of lignification {unknown}
 C - a potion of haste {unknown}
 D - a potion of heal wounds {unknown}
 E - a potion of attraction {unknown}


   Skills:
 + Level 3.5 Fighting
 * Level 5.5 Short Blades
 - Level 5.3 Axes
 - Level 1.7 Throwing
 - Level 2.6 Dodging


You had 6 spell levels left.
You didn't know any spells.
Your spell library contained the following spells:

 Spells                   Type           Power      Damage    Failure   Level
 Freeze                   Ice            0%         1d3       52%         1
 Shock                    Conj/Air       0%         1d3       52%         1
 Slow                     Hex            0%         N/A       52%         1
 Confusing Touch          Hex            0%         N/A       88%         3
 Frozen Ramparts          Ice            0%         1d1       88%         3
 Hailstorm                Conj/Ice       0%         3d5       88%         3
 Sigil of Binding         Hex            0%         N/A       88%         3
 Swiftness                Air            0%         N/A       88%         3
 Vampiric Draining        Necr           0%         2d6       88%         3
 Airstrike                Air            0%         2d(0-16)  99%         4
 Passage of Golubria      Tloc           0%         N/A       99%         4
 Silence                  Hex/Air        0%         N/A       100%        5
 Lehudib's Crystal Spear  Conj/Erth      0%         10d2      100%        8


Dungeon Overview and Level Annotations

Branches:
Dungeon (5/15)             Temple (0/1) D:4

Altars:
Hepliaklqana
Wu Jian

Shops:
D:3 (

Annotations:
D:4 1 runed translucent door, cordlesssteve's ghost, novice MiBe


Innate Abilities, Weirdness & Mutations

Your life essence is reduced to manifest your ancestor. (-10% HP)
You can wield a second weapon in your off-hand.
It takes a long time for you to wield or remove held weapons.
Your first few attacks do less damage.
Your grasper-arms cannot wear rings.


Message History

A jackal comes into view.
The jackal barks!
Found a morningstar and a scroll labelled QOTRUW PEILO.
An adder comes into view.
The jackal barely misses you.
A centaur comes into view.
You barely miss the jackal with your +0 war axe. x2
You puncture the jackal with the +8 dagger "Concordance"!
You kill the jackal!
The jackal closely misses you.
The centaur wields a +0 shortbow.
The centaur shoots an arrow.
The arrow hits you! The jackal barely misses you.
You hit the jackal with your +0 war axe.
The jackal is heavily wounded.
You closely miss the jackal with the +8 dagger "Concordance".
Your +8 dagger "Concordance" {spect, rF+ rC+} completely misses the jackal.
The centaur shoots an arrow.
The arrow hits your +8 dagger "Concordance" {spect, rF+ rC+}.
Your spectral weapon shares its damage with you!
The jackal barely misses you.
The centaur shoots an arrow.
The arrow hits your +8 dagger "Concordance" {spect, rF+ rC+}!
Your spectral weapon shares its damage with you!
* * * LOW HITPOINT WARNING * * *
You puncture the jackal with the +8 dagger "Concordance"!
You kill the jackal!
Your +8 dagger "Concordance" {spect, rF+ rC+} disappears.
The centaur shoots an arrow.
The arrow hits you!
* * * LOW HITPOINT WARNING * * *
You see here a jackal corpse.
You miss the adder with your +0 war axe.
You puncture the adder with the +8 dagger "Concordance"!
Your +8 dagger "Concordance" {spect, rF+ rC+} hits the adder.
You kill the adder!
The centaur shoots an arrow.
The arrow hits you!
* * * LOW HITPOINT WARNING * * *
Your +8 dagger "Concordance" {spect, rF+ rC+} disappears.
Kofy gestures at the centaur while chanting.
The centaur resists with some effort.
The centaur shoots an arrow.
The arrow hits you!
You die...
Hepliaklqana delivers you to your ancestors.

...........# ##.#
..............###..#
..............##..##
..................#
..................#
..................#
..................#
........R.........#
...#@$.#.#.....#
#†..+.......#
..)...†...#.##.......
.....c....#.##.......
......#.>...##.......#
#######...####........
....# ....... .....#
....?#


You could see the friendly Kofy the hexer and a centaur (ally target).

Vanquished Creatures
  A phantom (D:2)
  A scorpion (D:5)
  6 hounds
  An orc priest (D:4)
  Ijyb (D:3)
  7 gnolls (D:4)
  5 adders
  2 ufetubi (D:4)
  2 dart slugs
  A ribbon worm (D:3)
  3 orcs
  2 bats (D:2)
  6 endoplasms
  3 giant cockroaches
  11 goblins
  4 hobgoblins
  4 jackals
  3 quokkas
  4 ball pythons
  A frilled lizard (D:1)
  8 kobolds
  6 rats
82 creatures vanquished.

Vanquished Creatures (collateral kills)
  An ogre (D:5)
  A sleepcap (D:4)
  An orc wizard (D:4)
  A ball python (D:2)
  2 goblins
  A jackal (D:2)
  A kobold (D:4)
  A rat (D:2)
9 creatures vanquished.

Grand Total: 91 creatures vanquished

Notes
Turn   | Place    | Note
-------+----------+-------------------------------------------
     0 | D:1      | lunkers the Coglin Gladiator began the quest for the Orb.
     0 | D:1      | Reached XP level 1. HP: 16/16 MP: 1/1
   104 | D:1      | Reached XP level 2. HP: 22/22 MP: 2/2
   407 | D:1      | Found a faded altar of an unknown god.
   445 | D:1      | Prayed at the altar of an unknown god.
   445 | D:1      | Became a worshipper of Hepliaklqana the Forgotten
   445 | D:1      | Reached * piety under Hepliaklqana
  1025 | D:2      | Noticed a phantom
  1031 | D:2      | Killed a phantom
  1032 | D:2      | Reached skill level 5 in Axes
  1032 | D:2      | Reached XP level 3. HP: 21/24 MP: 3/3
  1032 | D:2      | Reached XP level 4. HP: 26/29 MP: 4/4
  1084 | D:2      | Identified the +8 dagger "Concordance" {spect, rF+ rC+}
  1284 | D:2      | Reached ** piety under Hepliaklqana
  1286 | D:2      | Remembered your ancestor Kofy as a hexer
  1307 | D:2      | Reached skill level 1 in Short Blades
  1307 | D:2      | Reached XP level 5. HP: 34/34 MP: 5/5
  1772 | D:3      | Found Ysecig's Weapon Shop.
  1850 | D:3      | Noticed Ijyb
  1852 | D:3      | Paralysed by Ijyb for 4 turns
  1861 | D:3      | Killed Ijyb
  1925 | D:3      | Identified the +4 leather armour "Viahiso" {rElec rF++
                  | rCorr Int-2}
  2372 | D:4      | Reached XP level 6. HP: 38/39 MP: 6/6
  2501 | D:4      | Found a staircase to the Ecumenical Temple.
  2768 | D:4      | Reached XP level 7. HP: 45/45 MP: 7/7
  2911 | D:4      | Found a runed translucent door.
  2912 | D:4      | Noticed cordlesssteve's ghost (novice MiBe)
  2984 | D:4      | Reached *** piety under Hepliaklqana
  3148 | D:4      | Found an ornate altar of the Wu Jian Council.
  3388 | D:5      | Entered Level 5 of the Dungeon
  3425 | D:5      | Reached skill level 5 in Short Blades
  3741 | D:5      | Shot with an arrow by a centaur

Illustrated notes

Levels and vault maps discovered:
D:1:      tarquinn_simple_flora_water_a, layout_loops_cross,
          basic_ecumenical_altar, nicolae_twisty_statue_hallways
D:2:      layout_basic
D:3:      layout_loops_ring, serial_shops, shop, minmay_misc_feat_iff, uniq_ijyb
D:4:      kennysheep_the_goblin_king, layout_basic,
          mainiacjoe_overflow_tiny_flanked, minmay_temple_entry_steel_oval,
          gammafunk_ghost_grave
D:5:      layout_basic, dilly_guarded_unrand_morg, uniq_pikel

Skill      XL: |  1  2  3  4  5  6  7 |
---------------+----------------------+-----
Axes           | 5 |  5.3
Short Blades   | 1 3 4 5 |  5.5
Fighting       | 3 |  3.5
Throwing       | |  1.7
Dodging        | |  2.6

Action                     |  1- 3 |  4- 6 |  7- 9 || total
---------------------------+-------+-------+-------++-------
  Melee: War axe           |    38 |    69 |    27 ||   134
         Hand axe          |    15 |     4 |       ||    19
         Dagger            |       |    61 |    28 ||    89
 Invoke: Ancestor Life: He |       |     1 |       ||     1
   Stab: Sleeping          |     1 |     1 |     1 ||     3
         Confused          |       |     1 |     2 ||     3
         Distracted        |       |     1 |       ||     1
 Armour: Leather armour    |    16 |    27 |    25 ||    68
         Ring mail         |     9 |    14 |       ||    23
  Dodge: Dodged            |    21 |    35 |    28 ||    84

Table legend: (Time is in decaauts)
 A = Elapsed time spent in this place.
 B = Non-inter-level travel time spent in this place.
 C = Inter-level travel time spent in this place.
 D = Time resting spent in this place.
 E = Time spent auto-exploring this place.
 F = Levels seen in this place.
 G = Mean time per level.
                   A        B        C        D        E       F      G
               +--------+--------+--------+--------+--------+-----+--------+
         Total |   3757 |   3592 |    165 |      0 |   3024 |   5 |  751.4 |
       Dungeon |   3757 |   3592 |    165 |      0 |   3024 |   5 |  751.4 |
               +--------+--------+--------+--------+--------+-----+--------+

Top non-repeatable levels by time:
     D:4: 1075 daAuts
     D:2: 917 daAuts
     D:3: 708 daAuts
     D:1: 703 daAuts
     D:5: 352 daAuts
